 Dungeon Crawl Stone Soup version 0.29.1-4-g47bece8355 (webtiles) character file.

Game seed: 2386806891411909509

234 raph the Caller (level 5, -3/21 HPs)
             Began as a Felid Summoner on Dec 11, 2022.
             Killed by divine providence
             ... invoked by an orc priest
              (10 damage)
             ... on level 3 of the Dungeon.
             The game lasted 00:07:14 (3881 turns).

raph the Caller (Felid Summoner)                    Turns: 3881, Time: 00:07:15

Health: -3/21      AC:  2    Str:  4    XL:     5   Next: 75%
Magic:  1/12       EV: 17    Int: 19    God:
Gold:   108        SH:  0    Dex: 16    Spells: 4/13 levels left
                                        Lives:  0   Deaths: 1

rFire   . . .      SeeInvis +   (weapon unavailable)
rCold   . . .      Faith    .   (shield unavailable)
rNeg    . . .      Spirit   .   (body armour unavailable)
rPois   .          Reflect  .   (helmet unavailable)
rElec   .          Harm     .   (cloak unavailable)
rCorr   .          Rampage  .   (gloves unavailable)
Will    .....                   (boots unavailable)
Stlth   ++........              e - amulet of regeneration
HPRegen 0.87/turn               (no ring)
MPRegen 0.13/turn               (no ring)

@: very slightly contaminated, quick
A: very small, claws 1, fangs 3, see invisible, speed 1, shaggy fur 2, stealthy
paws, no weapons or thrown items, no armour, multi-lived
a: no special abilities


You were on level 3 of the Dungeon.
You visited 1 branch of the dungeon, and saw 4 of its levels.

You collected 228 gold pieces.
You spent 120 gold pieces at shops.

Inventory:

Jewellery
 e - an amulet of regeneration (around neck)
 l - a +4 ring of protection
Scrolls
 f - a scroll of fear
 h - a scroll of silence
 i - a scroll of magic mapping {unknown}
 j - a scroll of identify
Potions
 a - a potion of magic
 b - 4 potions of heal wounds
 c - a potion of mutation {unknown}
 d - a potion of curing {unknown}
 g - a potion of haste {unknown}
 k - a potion of flight {unknown}


   Skills:
 - Level 2.6 Dodging
 - Level 2.6 Stealth
 + Level 4.6 Spellcasting
 + Level 1.9 Hexes
 * Level 6.3 Summonings


You had 4 spell levels left.
You knew the following spells:

 Your Spells              Type           Power      Damage    Failure   Level
a - Summon Small Mammal   Summ           100%       N/A       1%          1
b - Call Imp              Summ           28%        N/A       1%          2
c - Call Canine Familiar  Summ           28%        N/A       2%          3
d - Summon Guardian Gole  Hex/Summ       20%        N/A       7%          3

Your spell library contained the following spells:

 Spells                   Type           Power      Damage    Failure   Level
 Shock                    Conj/Air       16%        1d4       13%         1
 Sublimation of Blood     Necr           4%         N/A       21%         2
 Summon Lightning Spire   Summ/Air       16%        N/A       34%         4
 Swiftness                Air            4%         N/A       36%         3
 Airstrike                Air            2%         2d(1-17)  78%         4
 Petrify                  Tmut/Erth      4%         N/A       78%         4
 Irradiate                Conj/Tmut      2%         3d12      98%         5
 Borgnjor's Revivificati  Necr           2%         N/A       100%        8
 Necromutation            Tmut/Necr      2%         N/A       100%        8
 Death's Door             Necr           2%         N/A       100%        9


Dungeon Overview and Level Annotations

Branches:
Dungeon (4/15)
 Temple: D:4-7

Altars:
Ashenzari

Shops:
D:4 *

Annotations:
D:4 Grinder, Pikel


Innate Abilities, Weirdness & Mutations

You have sharp claws.
You have razor-sharp teeth.
You have supernaturally acute eyesight. (SInv)
You cover ground quickly. (Speed+)
You are covered in thick fur. (AC +2)
Your paws help you pounce on unaware monsters.
You are incapable of wielding weapons or throwing items.
You cannot wear armour.
You gain extra lives every three experience levels.


Message History

Your hound bites the orc priest but does no damage.
The lemure shouts!
You scratch the orc priest.
You bite the orc priest, but do no damage.
The orc priest is moderately wounded.
Your hound closely misses the orc priest.
The orc priest barely misses you.
Your hound bites the orc priest.
You scratch the orc priest.
You bite the orc priest, but do no damage.
The orc priest is severely wounded.
The orc priest hits you with a +0 flail.
Your hound bites the orc priest but does no damage.
Your hound barely misses the orc priest.
The lemure completely misses you. The orc priest barely misses you.
Your hound bites the orc priest but does no damage.
You climb upwards.
There is a stone staircase leading down here.
The orc priest miscasts a cantrip.
The lemure hits you. The lemure closely misses you.
Casting: Call Canine Familiar (quite dangerous; 2% risk of failure)
Confirm with . or Enter, or press ? or * to list all spells.
A beastly little devil appears in a puff of flame.
Your crimson imp says, "I truckle to your vassalage, my magnificent and god-like gentlecat!"
The lemure hits you.
* * * LOW HITPOINT WARNING * * *
You swap places.
Your crimson imp blinks!
The orc priest mumbles some strange prayers to Beogh against you.
Pain shoots through your body!
* * * LOW HITPOINT WARNING * * *
Casting: Call Imp (safe; 1% risk of failure)
Confirm with . or Enter, or press ? or * to list all spells.
You miscast Summon Guardian Golem.
You are very lightly contaminated with residual magic.
Nothing appears to happen.
Your crimson imp blinks!
The orc priest invokes the aid of Beogh against you.
Beogh smites you!
You die...

..#.### ###....................
..#.###########.#####.#########.#
..#.............# #...........#..
..#################.#.#####.#....
### #...........#.###....###.
#.###########............ #.#
####.##....#.
#.##############.#.......
#.......@..o5..ยง.>...#...
################.#.#.###.
#.......... #....#.###.
#......###. ##...####.. #.#.# ###
#####


You could see a lemure and an orc priest.

Vanquished Creatures
  An ogre (D:4)
  3 adders
  3 orcs
  3 ball pythons
  4 endoplasms
  2 goblins (D:1)
  4 hobgoblins
  3 quokkas
  2 bats (D:1)
  2 kobolds
  6 rats
33 creatures vanquished.

Vanquished Creatures (collateral kills)
  Sigmund (D:2)
  Ijyb (D:4)
  5 adders
  2 worms (D:2)
  2 dart slugs
  An orc (D:4)
  2 bats (D:1)
  2 endoplasms
  4 giant cockroaches
  6 goblins
  A hobgoblin (D:2)
  4 ball pythons
  5 frilled lizards
  2 rats (D:1)
38 creatures vanquished.

Grand Total: 71 creatures vanquished

Notes
Turn   | Place    | Note
-------+----------+-------------------------------------------
     0 | D:1      | raph the Felid Summoner began the quest for the Orb.
     0 | D:1      | Reached XP level 1. HP: 7/7 MP: 4/4
   331 | D:1      | Reached XP level 2. HP: 11/11 MP: 3/6
   962 | D:2      | Learned a level 2 spell: Call Imp
   976 | D:2      | Reached XP level 3. HP: 14/14 MP: 4/8
  1073 | D:2      | Found a faded altar of an unknown god.
  1346 | D:2      | Learned a level 3 spell: Call Canine Familiar
  1590 | D:2      | Noticed Sigmund
  1597 | D:2      | Killed Sigmund
  1598 | D:2      | Reached skill level 5 in Summonings
  1598 | D:2      | Reached XP level 4. HP: 18/18 MP: 2/11
  1598 | D:2      | Reached XP level 5. HP: 21/21 MP: 2/12
  2467 | D:3      | Gained mutation: You are covered in thick fur. (AC +2)
                  | [Felid growth]
  2467 | D:3      | Reached XP level 6. HP: 13/24 MP: 10/13
  2593 | D:3      | Learned a level 3 spell: Summon Guardian Golem
  2659 | D:3      | Found a broken altar of Ashenzari.
  3367 | D:4      | Found Pudash's Assorted Antiques.
  3513 | D:4      | Bought a pearl ring for 100 gold pieces
  3513 | D:4      | Bought a scroll labelled VUBIFI WERPH for 20 gold pieces
  3552 | D:4      | Noticed Pikel
  3556 | D:4      | Reached skill level 1 in Hexes
  3556 | D:4      | Reached skill level 6 in Summonings
  3618 | D:4      | Noticed Ijyb
  3636 | D:4      | Noticed Grinder
  3638 | D:4      | Constricted to death by Ijyb
  3638 | D:4      | Killed Ijyb
  3639 | D:4      | Reached XP level 5. HP: -2/21 MP: 3/12
  3881 | D:3      | Killed from afar by an orc priest

Illustrated notes

Levels and vault maps discovered:
D:1:      lightli_arrival_noodles, layout_rooms, serial_curves, eino_curves_02,
          eino_curves_03, dk_noncrumbling_2, amcnicky_mini_pool_small,
          grunt_decor_fettered
D:2:      layout_loops_corners, ebering_ecumenical_altar_mist, uniq_sigmund
D:3:      layout_basic, mainiacjoe_overflow_24_doors
D:4:      layout_cave_pools, kennysheep_little_box, serial_shops, shop,
          uniq_grinder, uniq_pikel, uniq_ijyb

Skill      XL: |  1  2  3  4  5  6 |
---------------+-------------------+-----
Spellcasting   | 4 |  4.6
Summonings     | 5 6 |  6.3
Hexes          | 1 |  1.9
Dodging        | |  2.6
Stealth        | |  2.6

Action                   |  1- 3 |  4- 6 || total
-------------------------+-------+-------++-------
Melee: Unarmed           |    55 |    91 ||   146
       Bite              |     7 |    13 ||    20
       Punch             |       |     1 ||     1
 Cast: Summon Small Mamm |    38 |     4 ||    42
       Call Imp          |     7 |    15 ||    22
       Call Canine Famil |     4 |    14 ||    18
  Use: Scroll            |     5 |     5 ||    10
 Stab: Distracted        |     1 |       ||     1
       Sleeping          |     1 |     3 ||     4
Armor: Skin              |     5 |     7 ||    12
Dodge: Dodged            |    63 |    78 ||   141
